 Dungeon Crawl Stone Soup version 0.30-a0-721-ga6a225cb13 (webtiles) character file.

Game seed: 14024560645803045302

42 Arximoufas the Cutter (level 3, -3/27 HPs)
             Began as a Demonspawn Warper on Jan 27, 2023.
             Slain by a gnoll
             ... wielding a +1 spear of venom
              (6 damage)
             ... on level 1 of the Dungeon.
             The game lasted 00:06:31 (996 turns).

Arximoufas the Cutter (Demonspawn Warper)            Turns: 996, Time: 00:06:31

Health: -3/27      AC:  4    Str: 13    XL:     3   Next: 33%
Magic:  6/6        EV: 11    Int: 14    God:
Gold:   98         SH:  0    Dex: 12    Spells: 6/6 levels left

rFire   . . .      SeeInvis .    a - +0 short sword
rCold   . . .      Faith    .    (no shield)
rNeg    . . .      Spirit   .    b - +0 leather armour
rPois   .          Reflect  .    (no helmet)
rElec   .          Harm     .    j - +0 cloak
rCorr   .          Rampage  .    (no gloves)
Will    .....                    (no boots)
Stlth   +                        (no amulet)
HPRegen 0.24/turn                (no ring)
MPRegen 0.10/turn                (no ring)

@: lethally poisoned (-3 -> -13)
A: demonic guardian 1, ignite blood 1
a: no special abilities


You were on level 1 of the Dungeon.
You visited 1 branch of the dungeon, and saw 2 of its levels.

You collected 98 gold pieces.

Inventory:

Hand Weapons
 a - a +0 short sword (weapon)
Missiles
 d - 7 boomerangs of dispersal
 h - 4 poisoned darts (quivered)
Armour
 b - a +0 leather armour (worn)
 e - a +0 ring mail
 j - a +0 cloak (worn)
 k - a +0 kite shield
Scrolls
 c - a scroll of blinking
Potions
 f - a potion of degeneration {unknown}
 g - a potion of berserk rage {unknown}
 i - a potion of heal wounds {unknown}


   Skills:
 - Level 2.0 Fighting
 * Level 3.0 Short Blades
 - Level 1.0 Throwing
 - Level 0.8 Armour
 - Level 1.7 Dodging
 + Level 1.4 Stealth
 - Level 2.0 Spellcasting
 - Level 2.6 Translocations


You had 6 spell levels left.
You didn't know any spells.
Your spell library contained the following spells:

 Spells                   Type           Power      Damage    Failure   Level
 Blink                    Tloc           16%        N/A       16%         2
 Lesser Beckoning         Tloc           16%        N/A       16%         2
 Teleport Other           Tloc           8%         N/A       30%         3
 Vhi's Electric Charge    Tloc/Air       10%        N/A       45%         3
 Manifold Assault         Tloc           8%         N/A       69%         4


Dungeon Overview and Level Annotations

Branches:
Dungeon (2/15)

Altars:


Innate Abilities, Weirdness & Mutations

A weak demonic guardian rushes to your aid.
Your demonic aura sometimes causes spilled blood to erupt in flames.


Message History

A giant cockroach comes into view.
The giant cockroach moves out of view.
There is a stone staircase leading up here.
Throw: 6 darts (poison)
Press: ? - help, Q - select action, (/) - cycle Shift-Dir - straight line, f - gnoll
Aim: a gnoll, wielding a +1 spear of venom (61% to hit)
You throw a poisoned dart. The poisoned dart hits the gnoll.
The gnoll is poisoned.
Throw: 5 darts (poison)
Press: ? - help, Q - select action, (/) - cycle Shift-Dir - straight line, f/p - gnoll
Aim: a gnoll, wielding a +1 spear of venom (poisoned, 61% to hit)
You throw a poisoned dart.
The poisoned dart closely misses the gnoll.
The gnoll closely misses you. The gnoll barely misses you. x2
There is a stone staircase leading up here.
The gnoll barely misses you.
The gnoll hits you with a +1 spear of venom!
A demonic guardian appears!
You are poisoned.
You climb upwards.
Your summoned ally is left behind.
You feel very sick.
There is a stone staircase leading down here.
You closely miss the gnoll.
You feel sick. The gnoll misses you.
You barely miss the gnoll.
The gnoll is lightly wounded.
You feel sick.
You hit the gnoll.
The gnoll is heavily wounded.
You feel sick.
The gnoll looks more healthy.
The gnoll hits you with a +1 spear of venom.
* * * LOW HITPOINT WARNING * * *
You are more poisoned.
Okay, then.
You hit the gnoll.
The gnoll is severely wounded.
* * * LOW HITPOINT WARNING * * *
You feel very sick.
The gnoll hits you with a +1 spear of venom.
You die...

#.#...........####...
#.#...###.....# #..#
#.#...####.#### #...
#..........# #.#.
###...###### #..# #...#
##.## #...####### #....
#.........# ##.##
##@.#####.# #..# ####g.(.#
#.######.#. #.[.....#
#........## #.##....#
########.## #####.###..##
##.## ###.......##.#
####.#.# #.....#.#.##.#
#...###. ##'###+###'##.#
#.##.#.#
#...#...#...#.#######.###.##


You could see a gnoll.

Vanquished Creatures
  An adder (D:1)
  A dart slug (D:2)
  3 bats (D:1)
  5 endoplasms
  3 hobgoblins (D:1)
  5 jackals (D:2)
  2 quokkas (D:1)
  A ball python (D:2)
  3 frilled lizards
  2 rats (D:1)
26 creatures vanquished.

Vanquished Creatures (collateral kills)
  A kobold (D:2)
1 creature vanquished.

Grand Total: 27 creatures vanquished

Notes
Turn   | Place    | Note
-------+----------+-------------------------------------------
     0 | D:1      | Arximoufas the Demonspawn Warper began the quest for the
                  | Orb.
     0 | D:1      | Reached XP level 1. HP: 16/16 MP: 3/3
   127 | D:1      | Reached skill level 2 in Short Blades
   404 | D:1      | Gained mutation: Your demonic aura sometimes causes spilled
                  | blood to erupt in flames. [demonic ancestry]
   404 | D:1      | Reached XP level 2. HP: 17/22 MP: 5/5
   584 | D:1      | Reached skill level 1 in Stealth
   839 | D:2      | Reached skill level 1 in Throwing
   893 | D:1      | Gained mutation: A weak demonic guardian rushes to your
                  | aid. [demonic ancestry]
   893 | D:1      | Reached XP level 3. HP: 23/27 MP: 6/6
   926 | D:2      | Reached skill level 3 in Short Blades
   996 | D:1      | Slain by a gnoll

Illustrated notes

Levels and vault maps discovered:
D:1:      lightli_arrival_quake, layout_loops_ring
D:2:      layout_basic, minmay_tree_intersection, chequers_jeans,
          minmay_tetromino_i2

Skill      XL: |  1  2  3 |
---------------+----------+-----
Short Blades   | 2 3 |  3.0
Stealth        | 1 |  1.4
Throwing       | 1 |  1.0
Fighting       | |  2.0
Armour         | |  0.8
Dodging        | |  1.7
Spellcasting   | |  2.0
Translocations | |  2.6

Action                     || total
---------------------------++-------
  Melee: Short sword       ||   144
         Punch             ||     1
  Throw: Dart              ||     5
 Armour: Leather armour    ||    43
  Dodge: Dodged            ||    86

Table legend: (Time is in decaauts)
 A = Elapsed time spent in this place.
 B = Non-inter-level travel time spent in this place.
 C = Inter-level travel time spent in this place.
 D = Time resting spent in this place.
 E = Time spent auto-exploring this place.
 F = Levels seen in this place.
 G = Mean time per level.
                   A        B        C        D        E       F      G
               +--------+--------+--------+--------+--------+-----+--------+
         Total |    980 |    973 |      7 |    164 |    468 |   2 |  490.0 |
       Dungeon |    980 |    973 |      7 |    164 |    468 |   2 |  490.0 |
               +--------+--------+--------+--------+--------+-----+--------+

Top non-repeatable levels by time:
     D:1: 815 daAuts
     D:2: 165 daAuts
